 Dungeon Crawl Stone Soup version 0.31.0-9-g3a7656b989 (webtiles) character file.

Game seed: 3900004871313026605

338 qw the Skirmisher (level 6, 0/35 HPs)
             Began as a Deep Elf Hunter on Feb 2, 2024.
             Was an Initiate of Okawaru.
             Slain by an orc
             ... wielding a +0 hand axe
              (4 damage)
             ... on level 5 of the Dungeon.
             The game lasted 00:00:16 (3612 turns).

qw the Skirmisher (Deep Elf Hunter)                 Turns: 3612, Time: 00:00:17

Health: 0/35       AC:  7    Str: 10    XL:     6   Next: 29%
Magic:  8/8        EV: 11    Int: 14    God:    Okawaru [......]
Gold:   190        SH:  0    Dex: 18    Spells: 5/5 levels left

rFire   . . .        a - +0 shortbow
rCold   . . .        (shield currently unavailable)
rNeg    . . .        e - +1 ring mail
rPois   .            c - +0 helmet
rElec   .            (no cloak)
rCorr   .            (no gloves)
SInv    .            (no boots)
Will    .....        (no amulet)
Stlth   +            (no ring)
HPRegen 0.25/turn    (no ring)
MPRegen 0.11/turn

%: no passive effects
@: about to teleport
A: no striking features
a: Renounce Religion


You were on level 5 of the Dungeon.
You worshipped Okawaru.
Okawaru was noncommittal.
You visited 2 branches of the dungeon, and saw 6 of its levels.

You collected 190 gold pieces.


   Skills:
 - Level 2.0 Fighting
 + Level 9.8 Ranged Weapons
 - Level 2.4 Dodging
 - Level 1.2 Stealth


You had 5 spell levels left.
You didn't know any spells.
Your spell library was empty.

Inventory:

Hand Weapons
 a - a +0 shortbow (weapon)
Armour
 c - a +0 helmet (worn)
 e - a +1 ring mail (worn)
Wands
 d - a wand of paralysis (14)
 f - a wand of acid (7)
Potions
 b - a potion of mutation
 g - a potion of haste

Dungeon Overview and Level Annotations

Branches:
Dungeon (5/15)             Temple (1/1) D:4

Altars:
Ashenzari
Cheibriados
Fedhas
Hepliaklqana
Kikubaaqudgha
Makhleb
Nemelex Xobeh
Okawaru
Trog
Uskayaw
Vehumet
Xom
Yredelemnul
Zin
The Shining One


Message History

The hound misses you.
You shoot an arrow.
The arrow hits the hound but does no damage.
The hound is almost dead.
The hound bites you. x2
You shoot an arrow. The arrow completely misses the hound.
The arrow hits the orc priest but does no damage.
The hound bites you but does no damage.
The orc wizard gestures at you while chanting.
You are confused.
The hound bites you but does no damage.
3607 ||| DRINKING potion of curing.
You feel better.
3607 ||| (to cure confusion)
The orc priest hits you but does no damage.
The orc wizard closely misses you. The hound bites you but does no damage.
You shoot an arrow. The arrow barely misses the hound.
The arrow hits the orc.
The orc is moderately wounded.
The hound bites you but does no damage. The orc priest barely misses you.
The orc wizard hits you with a +0 dagger.
The hound bites you.
You shoot an arrow. The arrow hits the hound!
You kill the hound!
Okawaru accepts your kill. The orc wizard closely misses you.
The orc priest barely misses you.
You shoot an arrow.
The arrow hits the orc but does no damage.
The orc is moderately wounded.
The orc wizard hits you but does no damage.
The orc closely misses you.
The orc priest hits you but does no damage.
You shoot an arrow. The arrow closely misses the orc.
The orc wizard gestures at you while chanting.
The puff of flame hits you! The orc priest hits you with a +0 club.
The orc completely misses you.
3612 ||| READING scroll of teleportation.
As you read the scroll of teleportation, it crumbles to dust.
You feel strangely unstable.
The orc wizard hits you but does no damage.
The orc hits you with a +0 hand axe.
You die...

#... #..# #...
#..# #..# #..#
#..# #..# #.. #..#
##.# #..# #oo#
#..# #o@# ##..##
##..# #....###..##
#.........#
##.........#
######.....(....#
#...............#
................#
...........<......


You could see an orc priest, an orc wizard and an orc.

Vanquished Creatures
  A scorpion (D:4)
  4 hounds
  Robin (D:4)
  5 adders
  A shadow imp (D:5)
  A ribbon worm (D:4)
  5 endoplasms
  7 giant cockroaches
  15 goblins
  8 hobgoblins
  4 jackals (D:2)
  7 kobolds
  2 quokkas (D:3)
  4 ball pythons
  7 bats
  3 frilled lizards
  6 rats
81 creatures vanquished.

Notes
Turn   | Place    | Note
-------+----------+-------------------------------------------
     0 | D:1      | qw the Deep Elf Hunter began the quest for the Orb.
     0 | D:1      | Reached XP level 1. HP: 12/12 MP: 3/3
     0 | D:1      | 0 ||| qw: Version: 0.3-a-155-g5e7d8dd
     0 | D:1      | 0 ||| qw: Game counter: 2159
     0 | D:1      | 0 ||| qw: Melee chars always use a shield: true
     0 | D:1      | 0 ||| qw: God list: Okawaru
     0 | D:1      | 0 ||| qw: Allow faded altars: false
     0 | D:1      | 0 ||| qw: Do Orc after clearing Dungeon:15 true
     0 | D:1      | 0 ||| qw: Do second Lair branch before Depths: true
     0 | D:1      | 0 ||| qw: Lair rune preference: random
     0 | D:1      | 0 ||| qw: Goals: Normal
     0 | D:1      | 0 ||| PLANNING D:1-11
   156 | D:1      | Reached XP level 2. HP: 16/16 MP: 4/4
   197 | D:1      | Reached skill level 6 in Ranged Weapons
   605 | D:1      | 605 ||| READING scroll labelled JOSUOBASAKUL.
   606 | D:1      | 606 ||| READING scroll labelled WAWESHR CIMU.
   606 | D:1      | 606 ||| IDENTIFYING pink potion
   607 | D:1      | 607 ||| DROPPING scroll of butterflies.
   666 | D:2      | Reached XP level 3. HP: 16/20 MP: 5/5
   913 | D:2      | Reached skill level 7 in Ranged Weapons
  1206 | D:2      | HP: 5/20 [endoplasm (1)]
  1207 | D:2      | 1207 ||| DRINKING potion of heal wounds.
  1424 | D:2      | Reached XP level 4. HP: 22/25 MP: 6/6
  1615 | D:2      | 1615 ||| READING 2 scrolls of identify.
  1615 | D:2      | 1615 ||| IDENTIFYING blue potion
  1616 | D:2      | 1616 ||| READING scroll of identify.
  1616 | D:2      | 1616 ||| IDENTIFYING lumpy brown potion
  1617 | D:2      | 1617 ||| READING scroll labelled QEAT MYATA.
  1618 | D:2      | 1618 ||| READING scroll labelled EMAKAZ RUCWINU.
  1623 | D:2      | 1623 ||| DRINKING 2 amethyst potions.
  1624 | D:2      | 1624 ||| FLEEEEING.
  1625 | D:2      | 1625 ||| FLEEEEING.
  1626 | D:2      | 1626 ||| FLEEEEING.
  1627 | D:2      | 1627 ||| FLEEEEING.
  1628 | D:2      | 1628 ||| FLEEEEING.
  1629 | D:2      | 1629 ||| FLEEEEING.
  1630 | D:2      | 1630 ||| FLEEEEING.
  1631 | D:2      | 1631 ||| FLEEEEING.
  1632 | D:2      | 1632 ||| FLEEEEING.
  1633 | D:2      | 1633 ||| FLEEEEING.
  1634 | D:2      | 1634 ||| FLEEEEING.
  1635 | D:2      | 1635 ||| FLEEEEING.
  1636 | D:2      | 1636 ||| FLEEEEING.
  1637 | D:2      | 1637 ||| FLEEEEING.
  1638 | D:2      | 1638 ||| FLEEEEING.
  1639 | D:2      | 1639 ||| FLEEEEING.
  1640 | D:2      | 1640 ||| FLEEEEING.
  1641 | D:2      | 1641 ||| FLEEEEING.
  1642 | D:2      | 1642 ||| FLEEEEING.
  1643 | D:2      | 1643 ||| FLEEEEING.
  1644 | D:2      | 1644 ||| FLEEEEING.
  1645 | D:2      | 1645 ||| FLEEEEING.
  1646 | D:2      | 1646 ||| FLEEEEING.
  1647 | D:2      | 1647 ||| FLEEEEING.
  1648 | D:2      | 1648 ||| FLEEEEING.
  1649 | D:2      | 1649 ||| FLEEEEING.
  1650 | D:2      | 1650 ||| FLEEEEING.
  1651 | D:2      | 1651 ||| FLEEEEING.
  1652 | D:2      | 1652 ||| FLEEEEING.
  1653 | D:2      | 1653 ||| FLEEEEING.
  1654 | D:2      | 1654 ||| FLEEEEING.
  1655 | D:2      | 1655 ||| FLEEEEING.
  1656 | D:2      | 1656 ||| STAIRDANCE
  1758 | D:1      | 1758 ||| DRINKING 2 smoky inky potions.
  1759 | D:1      | 1759 ||| DRINKING 2 black potions.
  1760 | D:1      | 1760 ||| DROPPING potion of berserk rage.
  1761 | D:1      | 1761 ||| DROPPING potion of attraction.
  1886 | D:3      | Found a burning altar of Makhleb.
  1947 | D:3      | 1947 ||| UPGRADING to +0 ring mail.
  1957 | D:3      | 1957 ||| DROPPING +0 leather armour.
  2382 | D:3      | You fall into a shaft and drop 1 floor!
  2385 | D:4      | 2385 ||| READING scroll labelled REPTYAFIBI.
  2385 | D:4      | 2385 ||| ENCHANTING +0 ring mail.
  2663 | D:4      | Reached skill level 8 in Ranged Weapons
  2743 | D:4      | Reached XP level 5. HP: 24/29 MP: 7/7
  2804 | D:4      | Found a staircase to the Ecumenical Temple.
  2805 | D:4      | 2805 ||| PLANNING TEMPLE
  2826 | D:4      | Reached skill level 9 in Ranged Weapons
  2833 | Temple   | Entered the Ecumenical Temple
  2834 | Temple   | 2834 ||| PLANNING OKAWARU WORSHIP
  2842 | Temple   | Became a worshipper of Warmaster Okawaru
  2843 | Temple   | 2843 ||| PLANNING D:1-11
  2972 | D:4      | Found a snail-covered altar of Cheibriados.
  3061 | D:4      | Noticed Robin
  3079 | D:4      | Killed Robin
  3082 | D:4      | HP: 7/30 [goblin/+0 club[Robin] (4)]
  3083 | D:4      | 3083 ||| READING scroll of teleportation.
  3083 | D:4      | HP: 1/30 [goblin/+0 club[Robin] (6)]
  3086 | D:4      | Reached XP level 6. HP: 2/35 MP: 8/8
  3117 | D:4      | 3117 ||| FLEEEEING.
  3118 | D:4      | 3118 ||| FLEEEEING.
  3119 | D:4      | 3119 ||| FLEEEEING.
  3430 | D:4      | 3430 ||| UPGRADING to +0 helmet.
  3435 | D:4      | 3435 ||| READING scroll of identify.
  3435 | D:4      | 3435 ||| IDENTIFYING scroll labelled OSCHYD YNUGHE
  3436 | D:4      | 3436 ||| READING scroll labelled CAEHIA OGOCALU.
  3497 | D:4      | 3497 ||| READING 3 scrolls labelled WYGOCSOACVERCH.
  3498 | D:4      | 3498 ||| DROPPING scroll of vulnerability.
  3499 | D:4      | 3499 ||| DROPPING 2 scrolls of immolation.
  3523 | D:5      | Entered Level 5 of the Dungeon
  3607 | D:5      | 3607 ||| DRINKING potion of curing.
  3607 | D:5      | 3607 ||| (to cure confusion)
  3611 | D:5      | HP: 5/35 [orc wizard/puff of flame (10)]
  3612 | D:5      | 3612 ||| READING scroll of teleportation.
  3612 | D:5      | Slain by an orc

Levels and vault maps discovered:
D:1:      minmay_arrival_loop, layout_loops_ring
D:2:      layout_basic, grunt_decor_arrowhead, minmay_circle_x
D:3:      layout_basic, lemuel_coloured_pillars_altar
D:4:      layout_basic, chei_slow_surprise, minmay_temple_entry_glass,
          uniq_robin
D:5:      layout_layer_cave
Temple:   dshaligram_water_room_temple

Skill      XL: |  1  2  3  4  5  6 |
---------------+-------------------+-----
Ranged Weapons | 6 7 8 9 |  9.8
Fighting       | 2 |  2.0
Dodging        | |  2.4
Stealth        | |  1.2

Action                     |  1- 3 |  4- 6 || total
---------------------------+-------+-------++-------
   Fire: Shortbow          |   109 |   152 ||   261
    Use: Scroll            |     2 |    10 ||    12
         Potion            |     1 |     4 ||     5
 Armour: Leather armour    |    43 |     2 ||    45
         Ring mail         |       |    77 ||    77
  Dodge: Dodged            |    39 |    59 ||    98

Table legend:
 A = Non-vault XP
 B = Vault XP
 C = Vault XP percentage of total XP
 D = Non-vault monster count
 E = Vault monster count
 F = Vault count percentage of total count
                 A         B        C        D         E       F
            +---------+---------+-------+---------+---------+-------
      Total |     440 |      44 |   9.1 |      65 |      16 |  19.8
            +---------+---------+-------+---------+---------+-------
        D:1 |      30 |       0 |   0.0 |      20 |       0 |   0.0
        D:2 |      70 |       7 |   9.1 |      18 |       4 |  18.2
        D:3 |      40 |       0 |   0.0 |      16 |       0 |   0.0
        D:4 |     201 |      37 |  15.5 |       8 |      12 |  60.0
        D:5 |      99 |       0 |   0.0 |       3 |       0 |   0.0
            +---------+---------+-------+---------+---------+-------
